 Dungeon Crawl Stone Soup version 0.30-a0-719-gcc4359ea44 (webtiles) character file.

Game seed: 6611353666478429656

75 boo the Slasher (level 4, -1/35 HPs)
             Began as a Merfolk Gladiator on Jan 26, 2023.
             Slain by an orc wizard
             ... wielding a +0 dagger
              (2 damage)
             ... on level 3 of the Dungeon.
             The game lasted 00:03:45 (1904 turns).

boo the Slasher (Merfolk Gladiator)                 Turns: 1904, Time: 00:03:46

Health: -1/35      AC:  5    Str: 16    XL:     4   Next: 31%
Magic:  4/4        EV: 13    Int:  7    God:
Gold:   97         SH:  0    Dex: 15    Spells: 3/3 levels left

rFire   . . .      SeeInvis .    a - +0 long sword
rCold   . . .      Faith    .    (no shield)
rNeg    . . .      Spirit   .    b - +0 leather armour
rPois   .          Reflect  .    c - +0 helmet
rElec   .          Harm     .    (no cloak)
rCorr   .          Rampage  .    (no gloves)
Will    .....                    n - +0 pair of boots
Stlth   +                        (no amulet)
HPRegen 0.25/turn                (no ring)
MPRegen 0.09/turn                (no ring)

@: confused
A: (nimble swimmer 2), mertail
a: no special abilities


You were on level 3 of the Dungeon.
You visited 1 branch of the dungeon, and saw 3 of its levels.

You collected 97 gold pieces.

Inventory:

Hand Weapons
 a - a +0 long sword (weapon)
Missiles
 d - 3 throwing nets (quivered)
 e - a javelin
Armour
 b - a +0 leather armour (worn)
 c - a +0 helmet (worn)
 n - a +0 pair of boots (worn)
Wands
 o - a wand of roots (4)
 p - a wand of polymorph (4)
Scrolls
 j - 3 scrolls of identify {unknown}
 m - a scroll of silence {unknown}
 r - a scroll of immolation {unknown}
 s - a scroll of fear {unknown}
 t - a scroll of magic mapping {unknown}
Potions
 f - 2 potions of might {unknown}
 g - 2 potions of haste {unknown}
 h - a potion of degeneration {unknown}
 i - a potion of cancellation {unknown}
 k - 2 potions of magic {unknown}
 l - a potion of curing {unknown}
 q - a potion of mutation {unknown}


   Skills:
 + Level 3.0 Fighting
 * Level 5.0 Long Blades
 - Level 2.0 Throwing
 + Level 4.8 Dodging


You had 3 spell levels left.
You didn't know any spells.
Your spell library contained the following spells:

 Spells                   Type           Power      Damage    Failure   Level
 Call Canine Familiar     Summ           0%         N/A       86%         3
 Portal Projectile        Hex/Tloc       0%         N/A       86%         3
 Leda's Liquefaction      Hex/Erth       0%         N/A       99%         4


Dungeon Overview and Level Annotations

Branches:
Dungeon (3/15)

Altars:
Uskayaw


Innate Abilities, Weirdness & Mutations

((You are very nimble when in or above water. (Stealth+, EV+, Speed+++)))
Your lower body shifts to a powerful aquatic tail in water.


Message History

The magic dart hits you.
* * * LOW HITPOINT WARNING * * *
The orc priest hits you but does no damage.
You closely miss something.
The orc priest hits you but does no damage.
You hear some strange, mumbled words.
You are confused.
An orc comes into view. It is wielding a +0 club.
The orc shouts!
The orc priest closely misses you.
You miss something. Something hits you.
* * * LOW HITPOINT WARNING * * *
An orc priest comes into view. It is wielding a +0 hand axe.
The orc priest hits you but does no damage.
You bump into the rock wall.
Something hits you but does no damage. The orc priest barely misses you.
You bump into the rock wall.
Something hits you.
* * * LOW HITPOINT WARNING * * *
The orc priest hits you but does no damage.
You barely miss the orc priest.
You hear some strange, mumbled words.
You are more confused.
The rat bites you but does no damage. The orc priest misses you.
You hit the orc priest.
The orc priest is heavily wounded.
A goblin comes into view. It is wielding a +0 club.
You hear some strange, mumbled words.
Something tries to affect you, but you resist.
The rat bites you but does no damage. The rat completely misses you.
Something hits you.
* * * LOW HITPOINT WARNING * * *
You barely miss the orc. Something hits you.
* * * LOW HITPOINT WARNING * * *
The orc hits you but does no damage. The rat barely misses you.
You hit the orc.
The orc is heavily wounded.
The orc hits you with a +0 club.
* * * LOW HITPOINT WARNING * * *
Something hits you.
You die...

# #####..#
#@{....#
#...ro####..#
.......oo
..........
.......g...
............
.............
..............


You could see 2 orc priests, an orc, a goblin and a rat.

Vanquished Creatures
  A worm (D:2)
  3 dart slugs
  3 orcs (D:2)
  4 endoplasms
  2 giant cockroaches (D:1)
  6 goblins
  8 hobgoblins
  6 jackals
  2 quokkas
  3 ball pythons (D:1)
  7 bats
  6 frilled lizards
  4 kobolds
  4 rats
59 creatures vanquished.

Notes
Turn   | Place    | Note
-------+----------+-------------------------------------------
     0 | D:1      | boo the Merfolk Gladiator began the quest for the Orb.
     0 | D:1      | Reached XP level 1. HP: 16/16 MP: 1/1
    86 | D:1      | Reached skill level 4 in Long Blades
    86 | D:1      | Reached XP level 2. HP: 8/23 MP: 2/2
   356 | D:1      | Reached XP level 3. HP: 27/28 MP: 3/3
  1162 | D:2      | Found the +6 shillelagh "Devastator" {shatter}
  1301 | D:2      | Found a hide-covered altar of Uskayaw.
  1324 | D:2      | Reached XP level 4. HP: 34/34 MP: 4/4
  1772 | D:2      | Reached skill level 5 in Long Blades
  1904 | D:3      | HP: 1/35 [orc/+0 club (2)]
  1904 | D:3      | Slain by an orc wizard

Illustrated notes

Levels and vault maps discovered:
D:1:      nicolae_arrival_somewhat_less_tricky_arrival, layout_loops_ring,
          kennysheep_nondescript
D:2:      kb_forest_paths, layout_loops_cross, basic_altar
D:3:      layout_loops_ring, tgw_sif, nicolae_vehumet_radiance,
          nicolae_ashenzari_skybound, wad_floor_pattern_2, solitary_fountain,
          due_unseen_surprise

Skill      XL: |  1  2  3  4 |
---------------+-------------+-----
Long Blades    | 4 5 |  5.0
Fighting       | 3 |  3.0
Throwing       | |  2.0
Dodging        | |  4.8

Action                     |  1- 3 |  4- 6 || total
---------------------------+-------+-------++-------
  Melee: Long sword        |   105 |    53 ||   158
         Punch             |     3 |       ||     3
   Stab: Sleeping          |     4 |       ||     4
 Armour: Leather armour    |    26 |    22 ||    48
  Dodge: Dodged            |    74 |    35 ||   109

Table legend: (Time is in decaauts)
 A = Elapsed time spent in this place.
 B = Non-inter-level travel time spent in this place.
 C = Inter-level travel time spent in this place.
 D = Time resting spent in this place.
 E = Time spent auto-exploring this place.
 F = Levels seen in this place.
 G = Mean time per level.
                   A        B        C        D        E       F      G
               +--------+--------+--------+--------+--------+-----+--------+
         Total |   1930 |   1850 |     80 |    282 |   1149 |   3 |  643.3 |
       Dungeon |   1930 |   1850 |     80 |    282 |   1149 |   3 |  643.3 |
               +--------+--------+--------+--------+--------+-----+--------+

Top non-repeatable levels by time:
     D:2: 1031 daAuts
     D:1: 872 daAuts
     D:3: 26 daAuts
